 Dungeon Crawl Stone Soup version 0.20-a0-927-g1ae2c61 (webtiles) character file.

7342 HAL9000 the Basher (level 11, 0/111 HPs)
             Began as an Ogre Berserker on Mar 26, 2017.
             Was a High Priest of Trog.
             Slain by a death yak (6 damage)
             ... on level 9 of the Dungeon on Mar 29, 2017.
             The game lasted 00:21:49 (10373 turns).

HAL9000 the Basher (Ogre Berserker)                Turns: 10373, Time: 00:21:50

Health: 0/111      AC:  5    Str: 24    XL:     11   Next: 13%
Magic:  11/11      EV: 12    Int:  8    God:    Trog [*****.]
Gold:   551        SH:  0    Dex: 10    Spells: 10/10 levels left

rFire    + . .     SeeInvis .   B - +0 morningstar
rCold    + . .     Gourm    .   (no shield)
rNeg     . . .     Faith    .   b - +0 animal skin
rPois    .         Spirit   .   (helmet restricted)
rElec    .         Reflect  .   P - +1 cloak
rCorr    .         Harm     .   (gloves unavailable)
MR       +....                  (boots unavailable)
Stlth    +.........             F - amulet of regeneration
Regen    0.7/turn               z - ring of protection from fire
MPRegen  0.2/turn               i - ring of protection from cold

@: exhausted, flying, slowed, very slow
A: unfitting armour, tough skin 1
a: Berserk, Trog's Hand, Brothers in Arms, Burn Spellbooks, Renounce Religion


You were on level 9 of the Dungeon.
You worshipped Trog.
Trog was extremely pleased with you.
You were hungry.

You visited 1 branch of the dungeon, and saw 9 of its levels.

You collected 551 gold pieces.

Inventory:

Hand Weapons
 w - a +0 blowgun
 B - a +0 morningstar (weapon)
 K - a +0 giant spiked club
Missiles
 x - 2 curare-tipped needles
 H - 3 javelins (quivered)
 R - 16 tomahawks
 T - 2 throwing nets
 U - 2 poisoned javelins
Armour
 b - a +0 animal skin (worn)
 P - a +1 cloak (worn)
Jewellery
 i - a ring of protection from cold (right hand)
 z - a ring of protection from fire (left hand)
 F - an amulet of regeneration (around neck)
 Q - an uncursed ring of magical power
Wands
 r - a wand of flame (25/48)
 s - a wand of polymorph (9/24)
 u - a wand of confusion (37/48)
 L - a wand of random effects (22/48)
 M - a wand of polymorph (16/24)
 W - a wand of acid (5/15)
 Y - a wand of enslavement (16/24)
Scrolls
 d - 3 scrolls of amnesia {unknown}
 g - 5 scrolls of remove curse
 h - 3 scrolls of recharging {unknown}
 l - a scroll of enchant armour {unknown}
 o - 6 scrolls of teleportation {unknown}
 q - 4 scrolls of random uselessness {unknown}
 y - 3 scrolls of magic mapping {unknown}
 D - 2 scrolls of fear {unknown}
 I - a scroll of identify
 J - a scroll of immolation {unknown}
 S - 2 scrolls of blinking {unknown}
 X - a scroll of silence {unknown}
Potions
 m - 3 potions of degeneration {unknown}
 n - 2 potions of lignification
 v - 2 potions of might
 A - 3 potions of curing
 C - 3 potions of resistance
 G - 2 potions of haste
 O - 2 potions of heal wounds
 Z - a potion of ambrosia
Books
 V - a book of Conjurations

   Spells                             Type                      Level
   a - Magic Dart                     Conjuration                  1
   b - Searing Ray                    Conjuration                  2
   c - Dazzling Spray                 Conjuration/Hexes            3
   d - Fulminant Prism                Conjuration/Hexes            4
   e - Force Lance                    Conjuration/Translocation    4
   f - Iskenderun's Mystic Blast      Conjuration                  4
   Trog disapproves of the use of such an item.
Comestibles
 c - 5 bread rations
 p - 3 meat rations
 E - 27 fruits


   Skills:
 + Level 8.1 Fighting
 * Level 12.9 Maces & Flails
 + Level 4.1 Throwing
 + Level 5.5 Dodging
 - Level 2.0 Unarmed Combat


You had 10 spell levels left.
You didn't know any spells.

Dungeon Overview and Level Annotations

Branches:
Dungeon (9/15)             Temple (0/1) D:7
   Lair: D:8-11         Orc: D:9-12

Altars:
Dithmenos
Gozag
Hepliaklqana
Okawaru
Qazlal
Ru
Trog
Xom

Shops:
D:4 =


Innate Abilities, Weirdness & Mutations

You are too large for most types of armour.
You have tough skin. (AC +1)


Message History

The death yak gores you! x2
* * * LOW HITPOINT WARNING * * *
Okay, then.
You feel very buoyant.
You fly up into the air.
The death yak misses you. The death yak misses you.
The death yak closely misses you.
Found a wand of random effects (?/48).
The death yak gores you but does no damage.
Found a smoky brown potion.
The death yak gores you!!
* * * LOW HITPOINT WARNING * * *
Okay, then.
Okay, then.
You feel much better. The death yak gores you!!
* * * LOW HITPOINT WARNING * * *
The porcupine bites you!
* * * LOW HITPOINT WARNING * * *
The death yak gores you.
You die...

#######.#.#####.##########
#.#.# #.# #.# #.# #.# #.#
#.# #.########## #.#
#..........#
#.##############.#
#.../...# #.# +@......# #.#
###Yr.....# #.# +!.J......#
#.# ###r####### #.. #.#
##### ###
#.########r#######...####.#
.....r)J..r......'........#
....#r############...####..
. # #...# #..


You could see a death yak, a hell rat, 2 porcupines, a jelly and a river rat.

Vanquished Creatures
  2 two-headed ogres
  2 death yaks (D:9)
  The ghost of Graouh the Cudgeler, a novice MiFi (D:4)
  A kobold demonologist (D:8)
  2 porcupines (D:9)
  2 water moccasins
  Duvessa (D:7)
  2 necrophages
  An orc warrior (D:8)
  A sky beast (D:5)
  7 ogres
  A phantom (D:6)
  A centaur (D:6)
  13 big kobolds
  3 bullfrogs
  A gnoll sergeant (D:7)
  Dowan (D:7)
  A water moccasin zombie (D:6)
  2 scorpions
  A water moccasin skeleton (D:7)
  A centaur zombie (D:5)
  3 crimson imps
  2 bullfrog zombies
  A quasit (D:5)
  3 hounds
  2 jellies
  2 bullfrog skeletons
  A centaur skeleton (D:4)
  4 orc priests
  5 orc wizards
  4 iguanas
  6 worker ants
  A hound skeleton (D:4)
  A hound zombie (D:6)
  A worker ant zombie (D:5)
  7 gnolls
  6 adders
  2 shadow imps
  An adder zombie (D:5)
  2 oozes
  A dart slug (D:2)
  A worm (D:3)
  10 leopard geckos
  21 orcs
  9 giant cockroaches
  6 goblins
  14 hobgoblins
  19 kobolds
  7 quokkas
  2 ball pythons
  8 bats
  9 frilled lizards
  A giant cockroach zombie (D:6)
  9 rats
218 creatures vanquished.

Notes
Turn   | Place    | Note
-------+----------+-------------------------------------------
     0 | D:1      | HAL9000 the Ogre Berserker began the quest for the Orb.
     0 | D:1      | Reached XP level 1. HP: 24/24 MP: 1/1
   113 | D:1      | Reached skill level 3 in Maces & Flails
   335 | D:1      | Reached XP level 2. HP: 32/32 MP: 2/2
  1131 | D:1      | Reached XP level 3. HP: 39/39 MP: 3/3
  1391 | D:2      | Reached ** piety under Trog
  1465 | D:2      | Reached skill level 4 in Maces & Flails
  1686 | D:2      | Reached XP level 4. HP: 37/48 MP: 4/4
  2521 | D:3      | Found a hazy altar of Hepliaklqana.
  2743 | D:3      | Reached skill level 5 in Maces & Flails
  2862 | D:3      | Noticed a two-headed ogre
  2872 | D:3      | Killed a two-headed ogre
  2872 | D:3      | Reached skill level 8 in Maces & Flails
  2872 | D:3      | Reached XP level 5. HP: 54/54 MP: 5/5
  2872 | D:3      | Reached XP level 6. HP: 62/62 MP: 6/6
  2872 | D:3      | Reached XP level 7. HP: 70/70 MP: 7/7
  3003 | D:3      | Found a shadowy altar of Dithmenos.
  3121 | D:3      | Reached *** piety under Trog
  3486 | D:3      | Upgraded the game from 0.20-a0-923-g548304e to 0.20-a0-927-g1ae2c61
  4243 | D:3      | Reached XP level 8. HP: 72/78 MP: 8/8
  4408 | D:4      | Noticed Graouh's ghost (novice MiFi)
  4423 | D:4      | Killed Graouh's ghost
  4423 | D:4      | Reached skill level 9 in Maces & Flails
  4980 | D:4      | Found Oduogg's Jewellery Emporium.
  4988 | D:4      | Reached skill level 10 in Maces & Flails
  5103 | D:4      | Found a bloodstained altar of Trog.
  5470 | D:5      | Entered Level 5 of the Dungeon
  5527 | D:5      | Reached **** piety under Trog
  5548 | D:5      | Reached XP level 9. HP: 75/84 MP: 9/9
  5628 | D:5      | Found a shimmering altar of Xom.
  5861 | D:5      | Reached skill level 11 in Maces & Flails
  6564 | D:5      | Found a stormy altar of Qazlal.
  6927 | D:6      | Reached skill level 1 in Unarmed Combat
  7020 | D:6      | Found an iron altar of Okawaru.
  7423 | D:6      | Reached skill level 5 in Fighting
  7784 | D:7      | Found an opulent altar of Gozag.
  7965 | D:7      | Reached skill level 1 in Throwing
  7972 | D:7      | Reached XP level 10. HP: 97/97 MP: 10/10
  8329 | D:7      | Found a staircase to the Ecumenical Temple.
  8557 | D:7      | Noticed Duvessa
  8560 | D:7      | Noticed Dowan
  8574 | D:7      | Killed Duvessa
  8578 | D:7      | Killed Dowan
  9059 | D:8      | Reached skill level 12 in Maces & Flails
  9060 | D:8      | Found a sacrificial altar of Ru.
  9229 | D:8      | Noticed a kobold demonologist
  9249 | D:8      | Killed a kobold demonologist
  9354 | D:8      | Reached ***** piety under Trog
 10324 | D:9      | Noticed a death yak
 10327 | D:9      | Noticed a death yak
 10328 | D:9      | Noticed a death yak
 10330 | D:9      | Noticed a two-headed ogre
 10343 | D:9      | Killed a death yak
 10343 | D:9      | Reached skill level 5 in Dodging
 10354 | D:9      | Killed a death yak
 10354 | D:9      | Reached XP level 11. HP: 88/110 MP: 11/11
 10358 | D:9      | Killed a two-headed ogre
 10373 | D:9      | Slain by a death yak

Vault maps used:
D:1:      dpeg_arrival_erosion
D:3:      nicolae_overflow_crystal_walls, grunt_dithmenos_smoke,
          gup_sewer_entry_pipe
D:4:      serial_shops, nicolae_shop_window_shopping, trog_butcher_becter
D:5:      lemuel_doored_altar, lemuel_coloured_pillars_altar, first_bread,
          feat_on_display
D:6:      okawaru_trees_1
D:7:      grunt_gozag_breadcrumbs, minmay_temple_entry_hall, uniq_duvessa
D:8:      nicolae_ru_sacrificial_ziggurat, special_room
D:9:      lemuel_crystal_altar, dpeg_lair_monsters, blue_anna_alchemist

Skill      XL: |  1  2  3  4  5  6  7  8  9 10 11 |
---------------+----------------------------------+-----
Maces & Flails | 3 4 8 10 11 12 | 12.9
Dodging        | 3 5 |  5.5
Unarmed Combat | 2 |  2.0
Fighting       | 5 7 8 |  8.1
Throwing       | 1 3 4 |  4.1

Action                   |  1- 3 |  4- 6 |  7- 9 | 10-12 || total
-------------------------+-------+-------+-------+-------++-------
Melee: Mace              |   126 |    37 |       |       ||   163
       Flail             |       |    19 |   349 |    41 ||   409
       Giant spiked club |       |       |       |   116 ||   116
       Morningstar       |       |       |       |    80 ||    80
       Punch             |       |       |       |     3 ||     3
 Fire: Blowgun           |       |     2 |       |       ||     2
Invok: Berserk           |     1 |     2 |     6 |     4 ||    13
       Trog's Hand       |       |       |       |     2 ||     2
Evoke: Wand              |       |       |       |     1 ||     1
  Use: Scroll            |       |       |     4 |     6 ||    10
       Potion            |       |       |       |     3 ||     3
 Stab: Sleeping          |     1 |       |     1 |       ||     2
  Eat: Chunk             |     3 |     5 |    20 |    10 ||    38
       Fruit             |       |       |     1 |     2 ||     3
       Royal jelly       |       |       |       |     1 ||     1
Armor: Animal skin       |    41 |    14 |   102 |    47 ||   204
Dodge: Dodged            |    72 |    28 |   175 |   125 ||   400
